 Dungeon Crawl Stone Soup version 0.15.2 (webtiles) character file.

95 kae the Insei (level 4, -2/35 HPs)
             Began as a Draconian Transmuter on Feb 22, 2015.
             Killed from afar by Natasha (6 damage)
             ... with a magic dart
             ... on Level 3 of the Dungeon.
             The game lasted 00:03:08 (2290 turns).

kae the Insei (Draconian Transmuter)                Turns: 2290, Time: 00:03:08

HP  -2/35        AC  6     Str 12      XL: 4   Next: 39%
MP   7/7         EV 12     Int 15      God:
Gold 105         SH  0     Dex 12      Spells:  3 memorised,  1 level left

rFire  . . .     SeeInvis .       - Unarmed
rCold  . . .     Clarity  .     (armour unavailable)
rNeg   . . .     rCorr    .     (no shield)
rPois  .         rRot     .     (helmet restricted)
rElec  .         Spirit   .     (no cloak)
SustAb .         Warding  .     j - +0 pair of gloves
rMut   .         Stasis   .     (no boots)
Gourm  .                        (no amulet)
MR     .....                    (no ring)
                                h - +1 ring of intelligence

@: not resistant to hostile enchantments, very unstealthy
A: unfitting armour, cold-blooded, AC +5
a: no special abilities


You were on level 3 of the Dungeon.
You were not hungry.

You visited 1 branch of the dungeon, and saw 3 of its levels.

You collected 105 gold pieces.

Inventory:

Missiles
 b - 30 arrows
Armour
 j - a +0 pair of gloves (worn)
Comestibles
 a - 2 bread rations
 k - a slice of pizza
Scrolls
 g - a scroll of identify
 i - a scroll of immolation {unknown}
Jewellery
 h - a +1 ring of intelligence (left hand)
Potions
 c - 2 potions of brilliance
 e - a potion of mutation {unknown}
 f - a potion of magic
Books
 d - a book of Changes

   Spells                             Type                      Level
   *Beastly Appendage                 Transmutation                1
   *Sticks to Snakes                  Transmutation                2
   *Spider Form                       Transmutation/Poison         3
   Ice Form                           Ice/Transmutation            4
   Blade Hands                        Transmutation                5


   Skills:
 - Level 1.1 Fighting
 - Level 1.7 Dodging
 * Level 4.8 Unarmed Combat
 - Level 2.0 Spellcasting
 + Level 2.8 Transmutations


You had one spell level left.
You knew the following spells:

 Your Spells              Type           Power        Failure   Level  Hunger
a - Beastly Appendage     Trmt           #.....       10%         1    #......
b - Sticks to Snakes      Trmt           #.........   12%         2    ###....
c - Spider Form           Trmt/Pois      #.........   43%         3    ####...


Dungeon Overview and Level Annotations

Branches:
Dungeon (3/15)

Altars:

Annotations:
D:3 Natasha


Innate Abilities, Weirdness & Mutations

Your plain brown scales are hard (AC +5).
Your body does not fit into most forms of armour.
Your cold-blooded metabolism reacts poorly to cold.


Message History

The magic dart hits you! The goblin hits you but does no damage.
The white imp shouts, "Get thee gone, thou ducking saucy dandiprat!"
The white imp hits you but does no damage.
You closely miss Natasha.
Natasha stares at you and mumbles some strange words.
The magic dart hits you! The white imp closely misses you.
The goblin hits you but does no damage.
You closely miss Natasha. Natasha claws you.
* * * LOW HITPOINT WARNING * * *
The white imp closely misses you. The goblin closely misses you.
You are too injured to fight recklessly!
Unknown command.
The white imp gestures at you. The puff of frost hits you!
* * * LOW HITPOINT WARNING * * *
Natasha claws you.
* * * LOW HITPOINT WARNING * * *
Natasha stares at you and mumbles some strange words.
The magic dart hits you!
You die...

#######..(############
..............# #>
#######...##.#
..####.....)....# #
#..............#
#.......######## #.#
#.......#... ...#
...##....%..#.#####....#
.............@.h5........
............#..g?5#....#
#.##.......#..##.# .
#.......#.....#
.........##.###(
###.......##.# ##
......#..... ...##..###.#
... ...


You could see Natasha, 2 white imps and a goblin.

Vanquished Creatures
  Terence (D:3)
  2 adders (D:2)
  A giant gecko (D:1)
  A ball python (D:1)
  3 giant cockroaches (D:2)
  5 hobgoblins
  9 jackals
  4 kobolds
  2 quokkas (D:2)
  8 bats
  7 giant newts
  8 goblins
  13 rats
64 creatures vanquished.

Notes
Turn   | Place    | Note
--------------------------------------------------------------
     0 | D:1      | kae, the Draconian Transmuter, began the quest for the Orb.
     0 | D:1      | Reached XP level 1. HP: 16/16 MP: 3/3
   122 | D:1      | Reached XP level 2. HP: 14/23 MP: 4/4
   462 | D:1      | Reached skill level 4 in Unarmed Combat
   503 | D:1      | Reached XP level 3. HP: 28/28 MP: 4/6
   919 | D:2      | HP: 1/28 [poisoned by an adder]
  1770 | D:2      | Reached XP level 4. HP: 33/35 MP: 7/7
  2114 | D:3      | Noticed Terence
  2133 | D:3      | Killed Terence
  2237 | D:3      | Learned a level 2 spell: Sticks to Snakes
  2241 | D:3      | Learned a level 3 spell: Spider Form
  2279 | D:3      | Noticed Natasha
  2290 | D:3      | Killed from afar by Natasha

Action                   |  1- 3 |  4- 6 || total
-------------------------+-------+-------++-------
Melee: Unarmed           |   176 |    51 ||   227
 Cast: Beastly Appendage |    13 |     4 ||    17
  Use: Potion            |     7 |       ||     7
       Scroll            |     4 |       ||     4
 Stab: Sleeping          |     2 |       ||     2
  Eat: Chunk             |     3 |     2 ||     5
